Map: Ulrena

Players

Destroyer

  • Race: Terran Terran
  • League: Bronze

Mindele - Winner!

  • Race: Terran Terran
  • League: Bronze

VOD

Have the link to the VOD?

Description

Time

  • Played on: May 14, 2016, 8:42 p.m.
  • Length: 6:31
Show
View Real Time Build Order
Export as new Build Order

Destroyer Terran 

Build Orders:  

Get SALT Encoding   

  12  0:01  SCV  
  13  0:18  Supply Depot  
  13  0:22  SCV  
  14  0:32  Refinery  
  14  0:34  SCV  
  15  0:47  Barracks  
  15  0:56  Supply Depot  
  15  1:00  SCV  
  16  1:07  Refinery  
  16  1:13  SCV  
  17  1:34  Barracks, SCV  
  18  1:41  Marine  
  19  1:47  SCV  
  20  1:57  Factory  
  20  2:07  SCV  
  21  2:24  Marine x2  
  23  2:31  SCV  
  24  2:42  Supply Depot, Marine x2  
  24  2:43  Factory Tech Lab  
  26  2:51  Starport  
  26  3:07  Cyclone  
  29  3:14  Supply Depot  
  29  3:15  SCV  
  30  3:20  Marine  
  31  3:29  Supply Depot  
  31  3:38  Medivac  
  33  3:52  Mag-Field Accelerator  
  33  3:55  Marine x2  
  35  4:14  Marine x2  
  40  4:17  Cyclone  
  40  4:19  Medivac  
  42  4:31  Supply Depot, Marine  
  42  4:32  Marine  
  42  4:38  Orbital Command  
  44  4:50  Barracks Tech Lab  
  39  5:16  Marine x2  
  26  5:22  Cyclone  
  27  5:34  Marine  
  27  5:35  Marauder  
  23  5:56  Marauder  
  27  5:57  Medivac  
Show
View Real Time Build Order
Export as new Build Order

Mindele Terran - Winner!

Build Orders:  

Get SALT Encoding   

  12  0:01  SCV  
  13  0:13  SCV  
  14  0:18  Supply Depot  
  14  0:25  SCV  
  15  0:40  SCV  
  15  0:41  Barracks  
  16  0:52  SCV  
  17  0:58  Barracks  
  17  1:04  Refinery  
  17  1:05  SCV  
  18  1:18  SCV  
  19  1:32  Orbital Command  
  19  1:36  Supply Depot  
  19  1:40  Marine  
  20  1:49  Marine  
  21  2:00  SCV  
  22  2:07  Barracks  
  22  2:09  Marine x2  
  22  2:14  Supply Depot  
  24  2:20  SCV  
  25  2:29  Marine x2  
  27  2:32  SCV  
  28  2:37  Supply Depot  
  28  2:39  Barracks  
  28  2:46  SCV  
  29  2:51  Reaper x2  
  31  2:58  Marine, SCV  
  31  3:00  Supply Depot  
  33  3:10  SCV  
  34  3:21  Barracks, Marine  
  34  3:23  SCV  
  36  3:27  Supply Depot  
  36  3:42  SCV  
  36  3:43  Marine x2  
  36  3:44  Marine x2  
  41  3:49  Supply Depot  
  41  3:54  SCV  
  42  4:02  Marine x2  
  41  4:03  Marine  
  41  4:04  Marine  
  41  4:08  Marine  
  45  4:13  Supply Depot  
  45  4:17  SCV  
  46  4:22  Marine x2  
  46  4:24  Marine  
  48  4:27  Reaper  
  48  4:28  Reaper  
  48  4:29  SCV  
  52  4:36  Supply Depot  
  52  4:41  SCV  
  52  4:42  Marine  
  52  4:43  Marine x2  
  56  4:53  SCV  
  56  4:58  Marine  
  58  5:00  Marine  
  51  5:22  Marine x3  
  51  5:23  Marine x2  
  56  5:36  Supply Depot  
  56  5:40  Marine x3  
  58  5:43  Marine x2  
  59  5:57  Marine  
  59  5:58  Marine x2  
  62  6:04  Marine x2  
  62  6:08  SCV  
Tags
 
Matchup
TvT
Race
Terran
Add a new tag
Caveats
  • Supply blocks, unpowered buildings, or Contaminate may cause inaccurate times.
  • Supply counts are checked every 10 seconds.